 Dungeon Crawl Stone Soup version 0.26-a0-720-g2a1d101370 (webtiles) character file.

Game seed: 13589602846571130315

808 Forecaster the Stinger (level 7, 0/55 HPs)
             Began as a Naga Venom Mage on Nov 3, 2020.
             Slain by an orc warrior
             ... wielding a cursed -1 long sword
              (3 damage)
             ... on level 4 of the Dungeon.
             The game lasted 00:12:15 (4169 turns).

Forecaster the Stinger (Naga Venom Mage)            Turns: 4169, Time: 00:12:17

Health: 0/55       AC:  3    Str: 10    XL:     7   Next: 92%
Magic:  1/14       EV: 10    Int: 17    God:
Gold:   135        SH:  0    Dex: 12    Spells: 12/15 levels left

rFire    . . .     SeeInvis +   u - +0 mace (venom)
rCold    . . .     Faith    .   (no shield)
rNeg     . . .     Spirit   .   a - +0 robe
rPois    +         Reflect  .   (no helmet)
rElec    .         Harm     .   (no cloak)
rCorr    +         Rampage  .   (no gloves)
MR       .....                  (no barding)
Stlth    ++........             (no amulet)
HPRegen  0.18/turn              b - ring of resist corrosion
MPRegen  0.14/turn              (no ring)

@: short of breath, very slow
A: large, see invisible, deformed body, poison resistance, slowness 2, spit
poison 1, AC +2
a: Spit Poison


You were on level 4 of the Dungeon.
You visited 1 branch of the dungeon, and saw 4 of its levels.

You collected 135 gold pieces.

Inventory:

Hand Weapons
 k - a +0 short sword
 m - a +0 dagger
 r - a +0 dagger of flaming
 u - a +0 mace of venom (weapon)
 y - a +0 rapier
Missiles
 e - 4 curare-tipped darts (quivered)
 o - 11 poisoned darts
Armour
 a - a +0 robe (worn)
 n - a cursed +0 chain mail
 q - a +0 robe
Jewellery
 b - a ring of resist corrosion (left hand)
Wands
 w - a wand of digging (4)
Scrolls
 f - 2 scrolls of identify {unknown}
 g - a scroll of blinking {unknown}
 h - 4 scrolls of remove curse {unknown}
 j - a scroll of fear {unknown}
 s - a scroll of immolation {unknown}
 v - a scroll of enchant weapon {unknown}
Potions
 c - a potion of resistance {unknown}
 i - 2 potions of ambrosia {unknown}
 l - a potion of invisibility {unknown}
 p - 2 potions of flight {unknown}
 t - a potion of magic {unknown}
 x - a potion of stabbing {unknown}


   Skills:
 + Level 0.2 Fighting
 + Level 1.0 Short Blades
 + Level 0.1 Maces & Flails
 + Level 1.9 Dodging
 + Level 4.1 Stealth
 + Level 4.8 Spellcasting
 + Level 1.2 Transmutations
 + Level 3.6 Air Magic
 + Level 7.6 Poison Magic


You had 12 spell levels left.
You knew the following spells:

 Your Spells              Type           Power        Failure   Level
a - Sting                 Tmut/Pois      ###.         2%          1
b - Poisonous Vapours     Pois/Air       ###...       2%          2

Your spell library contained the following spells:

 Spells                   Type           Power        Failure   Level
 Olgreb's Toxic Radiance  Pois           ####....     6%          4
 Mephitic Cloud           Conj/Pois/Air  ###.....     9%          3
 Ignite Poison            Fire/Tmut/Pois ##......     13%         3


Dungeon Overview and Level Annotations

Branches:
Dungeon (4/15)
 Temple: D:4-7

Altars:
Hepliaklqana
Trog
Uskayaw


Innate Abilities, Weirdness & Mutations

You cannot wear boots.
Your serpentine skin is tough. (AC +2)
You have supernaturally acute eyesight. (SInv)
Armour fits poorly on your strangely shaped body.
Your system is resistant to poisons. (rPois)
You cover ground very slowly.
You can spit poison.


Message History

You don't have enough magic to cast that spell.
You feel better.
The orc warrior hits you with a cursed -1 long sword.
* * * LOW HITPOINT WARNING * * *
Casting: Poisonous Vapours (safe; 2% risk of failure)
Confirm with . or Enter, or press ? or * to list all spells.
Aiming: Sting (safe; 2% risk of failure)
Press: ? - help, Shift-Dir - straight line, f/p - orc warrior
Aim: an orc warrior, wielding a -1 long sword and wearing a +0 chain mail (moderately wounded, very poisoned)
The sting hits the orc warrior.
The orc warrior looks even sicker.
The orc warrior is moderately wounded.
The orc warrior hits you with a cursed -1 long sword.
* * * LOW HITPOINT WARNING * * *
Press: ? - help, Shift-Dir - straight line, f/p - orc warrior
Aim: an orc warrior, wielding a -1 long sword and wearing a +0 chain mail (moderately wounded, very poisoned)
The splash of poison hits the orc warrior.
The orc warrior looks as sick as possible!
The orc warrior is heavily wounded.
The orc warrior hits you with a cursed -1 long sword.
You die...

#......##########
#..<...# #......#
. #####.....## .?
###...#.....# ...
...#.###.### ....
#...# #.#
.....#...###.#
..........o@.#
....#)..##### .
##†## #.# ..#
##o# #.. ... ###


You could see an orc warrior (extremely poisoned).

Vanquished Creatures
  A moth of wrath (D:4)
  Sigmund (D:2)
  Eustachio (D:4)
  A scorpion (D:3)
  An orc wizard (D:3)
  3 adders
  An ooze (D:1)
  5 worms
  4 dart slugs
  3 leopard geckos
  5 orcs
  A ball python (D:2)
  3 giant cockroaches
  6 goblins
  3 hobgoblins (D:1)
  A quokka (D:2)
  5 bats
  2 frilled lizards
  5 kobolds
  4 rats
56 creatures vanquished.

Notes
Turn   | Place    | Note
-------+----------+-------------------------------------------
     0 | D:1      | Forecaster the Naga Venom Mage began the quest for the Orb.
     0 | D:1      | Reached XP level 1. HP: 15/15 MP: 3/3
   183 | D:1      | Reached XP level 2. HP: 22/22 MP: 1/5
   187 | D:1      | Learned a level 2 spell: Poisonous Vapours
   663 | D:1      | Reached XP level 3. HP: 28/28 MP: 1/6
  1931 | D:2      | Reached skill level 1 in Air Magic
  1931 | D:2      | Reached XP level 4. HP: 33/36 MP: 2/7
  2023 | D:2      | Noticed Sigmund
  2031 | D:2      | Killed Sigmund
  2031 | D:2      | Reached skill level 5 in Poison Magic
  2031 | D:2      | Reached XP level 5. HP: 28/42 MP: 1/10
  2167 | D:2      | Reached skill level 1 in Short Blades
  2167 | D:2      | Reached XP level 6. HP: 49/49 MP: 4/11
  2439 | D:3      | Reached skill level 6 in Poison Magic
  2635 | D:3      | Found a hazy altar of Hepliaklqana.
  3288 | D:4      | Found a hide-covered altar of Uskayaw.
  3350 | D:4      | Noticed a moth of wrath
  3352 | D:4      | Found a bloodstained altar of Trog.
  3931 | D:4      | Killed a moth of wrath
  3931 | D:4      | Reached skill level 7 in Poison Magic
  3931 | D:4      | Reached XP level 7. HP: 55/55 MP: 4/13
  4149 | D:4      | Noticed Eustachio
  4158 | D:4      | Killed Eustachio
  4166 | D:4      | HP: 1/55 [orc warrior/cursed -1 long sword (19)]
  4169 | D:4      | Slain by an orc warrior

Illustrated notes

Levels and vault maps discovered:
D:1:      dpeg_arrival_refuge, layout_rooms, chequers_arboretum,
          kennysheep_another_room
D:2:      layout_loops_ring, uniq_sigmund
D:3:      layout_basic, old_standard_altar
D:4:      layout_loops_ring, old_standard_altar, tgw_trog, marbit_many_paths,
          minmay_manual_mandibuliform, uniq_robin, uniq_eustachio, uniq_pikel

Skill      XL: |  1  2  3  4  5  6 |
---------------+-------------------+-----
Air Magic      | 1 2 3 |  3.6
Spellcasting   | 3 4 |  4.8
Poison Magic   | 5 7 |  7.6
Short Blades   | 1 |  1.0
Stealth        | 4 |  4.1
Fighting       | |  0.2
Maces & Flails | |  0.1
Dodging        | |  1.9
Transmutations | |  1.2

Action                   |  1- 3 |  4- 6 |  7- 9 || total
-------------------------+-------+-------+-------++-------
Melee: Unarmed           |    11 |       |       ||    11
       Short sword       |     3 |       |       ||     3
       Dagger            |     9 |    20 |       ||    29
       Mace              |       |       |     4 ||     4
 Cast: Sting             |     7 |       |     1 ||     8
       Poisonous Vapours |    39 |    46 |    14 ||    99
 Abil: Spit Poison       |     1 |       |     1 ||     2
  Use: Potion            |       |     1 |     2 ||     3
Armor: Robe              |     5 |     4 |       ||     9
Dodge: Dodged            |    12 |     7 |       ||    19

Table legend: (Time is in decaauts)
 A = Elapsed time spent in this place.
 B = Non-inter-level travel time spent in this place.
 C = Inter-level travel time spent in this place.
 D = Time resting spent in this place.
 E = Time spent auto-exploring this place.
 F = Levels seen in this place.
 G = Mean time per level.
                   A        B        C        D        E       F      G
               +--------+--------+--------+--------+--------+-----+--------+
         Total |   4855 |   4791 |     64 |   1014 |   3196 |   4 | 1213.8 |
       Dungeon |   4855 |   4791 |     64 |   1014 |   3196 |   4 | 1213.8 |
               +--------+--------+--------+--------+--------+-----+--------+

Top non-repeatable levels by time:
     D:2: 1406 daAuts
     D:1: 1291 daAuts
     D:3: 1160 daAuts
     D:4: 996 daAuts
